 Dungeon Crawl Stone Soup version 0.25-a0-796-gd415a3ffb0 (webtiles) character file.

Game seed: 15078195458353983196, levelgen mode: deterministic

122 tilp the Bolt Thrower (level 5, -2/29 HPs)
             Began as a Kobold Arcane Marksman on Apr 18, 2020.
             Slain by Sigmund
             ... wielding a +0 scythe
              (5 damage)
             ... on level 2 of the Dungeon.
             The game lasted 00:05:51 (2124 turns).

tilp the Bolt Thrower (Kobold Arcane Marksman)      Turns: 2124, Time: 00:05:52

Health: -2/29      AC:  3    Str:  7    XL:     5   Next: 27%
Magic:  6/6        EV: 15    Int: 16    God:
Gold:   52         SH:  0    Dex: 15    Spells: 5/6 levels left

rFire    . . .     SeeInvis .   b - +0 mace
rCold    . . .     Gourm    .   (shield restricted)
rNeg     . . .     Faith    .   e - +0 robe
rPois    .         Spirit   .   l - +0 helmet
rElec    .         Reflect  .   (no cloak)
rCorr    .         Harm     .   (no gloves)
MR       .....                  (no boots)
Stlth    +.........             (no amulet)
HPRegen  0.09/turn              (no ring)
MPRegen  0.10/turn              (no ring)

@: no status effects
A: small, carnivore
a: no special abilities


You were on level 2 of the Dungeon.
You were very full.

You visited 1 branch of the dungeon, and saw 3 of its levels.

You collected 52 gold pieces.

Inventory:

Hand Weapons
 a - a +0 hand crossbow
 b - a +0 mace (weapon)
Missiles
 h - 19 arrows
Armour
 e - a +0 robe (worn)
 l - a +0 helmet (worn)
Jewellery
 n - a cursed ring of positive energy {unknown}
 p - an uncursed ring of positive energy {unknown}
Scrolls
 f - a scroll of remove curse {unknown}
 i - a scroll of identify {unknown}
 j - a scroll of immolation {unknown}
 m - a scroll of enchant weapon {unknown}
 q - a scroll of fog {unknown}
 t - 4 scrolls of teleportation {unknown}
 w - a scroll of enchant armour {unknown}
Potions
 g - 2 potions of curing
 r - a potion of ambrosia
 s - a potion of cancellation {unknown}
 u - a potion of magic {unknown}
 v - a potion of might {unknown}
Comestibles
 c - 3 rations
 d - a chunk of flesh


   Skills:
 + Level 1.6 Fighting
 - Level 6.0 Crossbows
 - Level 2.4 Dodging
 - Level 1.1 Spellcasting
 - Level 3.0 Hexes


You had 5 spell levels left.
You knew the following spells:

 Your Spells              Type           Power        Failure   Level  Hunger
a - Corona                Hex            ##.....      7%          1    ##.....

Your spell library contained the following spells:

 Spells                   Type           Power        Failure   Level  Hunger
 Slow                     Hex            ##......     10%         2    ###....
 Inner Flame              Hex/Fire       #.......     36%         3    ####...
 Portal Projectile        Hex/Tloc       #.....       36%         3    ####...
 Cause Fear               Hex            ##........   54%         4    #####..
 Leda's Liquefaction      Hex/Erth       #.........   77%         4    #####..


Dungeon Overview and Level Annotations

Branches:
Dungeon (3/15)

Altars:

Annotations:
D:2 1 runed translucent door, Crazy Yiuf, Sigmund


Innate Abilities, Weirdness & Mutations

You are small and have problems with some larger weapons.
You are carnivorous and can eat meat at any time.


Message History

Press: ? - help, Shift-Dir - straight line, f/p - Sigmund
Aim: Sigmund, wielding a +0 scythe and wearing a cursed +0 robe (moderately wounded)
Okay, then.
Firing (i - inventory) No suitable missiles.
Press: ? - help, Shift-Dir - straight line, f/p - Sigmund
Aim: Sigmund, wielding a +0 scythe and wearing a cursed +0 robe (moderately wounded)
Okay, then.
You hit Sigmund but do no damage.
Sigmund is moderately wounded.
Sigmund casts a spell at you. The magic dart hits you.
* * * LOW HITPOINT WARNING * * *
You barely miss Sigmund.
Sigmund is moderately wounded.
Sigmund hits you with a +0 scythe.
* * * LOW HITPOINT WARNING * * *
You hit Sigmund but do no damage.
Sigmund is moderately wounded.
Sigmund hits you with a +0 scythe.
You die...

#.#
#.#
#.#
#.#
#รท#
#.#
#.#
#.#
#@#
#@#
#(#
#(#
.(#
.##
. #.


You could see Sigmund.

Vanquished Creatures
  Terence (D:3)
  Robin (D:3)
  3 adders
  A dart slug (D:1)
  An orc (D:3)
  3 bats
  A giant cockroach (D:1)
  13 goblins
  7 hobgoblins
  5 jackals
  5 kobolds
  A quokka (D:2)
  3 frilled lizards
  8 rats
53 creatures vanquished.

Notes
Turn   | Place    | Note
-------+----------+-------------------------------------------
     0 | D:1      | tilp the Kobold Arcane Marksman began the quest for the
                  | Orb.
     0 | D:1      | Reached XP level 1. HP: 12/12 MP: 2/2
    81 | D:1      | Reached skill level 3 in Crossbows
    82 | D:1      | Reached XP level 2. HP: 11/16 MP: 3/3
   494 | D:1      | Reached skill level 4 in Crossbows
   494 | D:1      | Reached XP level 3. HP: 12/20 MP: 4/4
  1075 | D:2      | You fall into a shaft and drop 1 floor!
  1201 | D:3      | Noticed Terence
  1203 | D:3      | Killed Terence
  1203 | D:3      | Reached XP level 4. HP: 25/25 MP: 5/5
  1224 | D:3      | Reached skill level 5 in Crossbows
  1248 | D:3      | Noticed Robin
  1262 | D:3      | Killed Robin
  1272 | D:3      | HP: 1/25 [goblin[Robin] (4)]
  1284 | D:3      | HP: 1/25 [goblin/+0 club[Robin] (2)]
  1478 | D:3      | Reached XP level 5. HP: 29/29 MP: 6/6
  1652 | D:2      | Reached skill level 6 in Crossbows
  1808 | D:2      | Found a runed translucent door.
  1809 | D:2      | Noticed Crazy Yiuf
  2111 | D:2      | Noticed Sigmund
  2124 | D:2      | Slain by Sigmund

Levels and vault maps discovered:
D:1:      eino_arrival_druids_welcome, layout_loops_ring
D:2:      layout_loops_ring, minmay_pentomino_t4, uniq_natasha,
          uniq_crazy_yiuf_cottage, uniq_sigmund
D:3:      layout_loops_ring, uniq_terence, uniq_ijyb, uniq_robin

Skill      XL: |  1  2  3  4  5 |
---------------+----------------+-----
Crossbows      | 3 4 5 6 |  6.0
Fighting       | |  1.6
Dodging        | |  2.4
Spellcasting   | |  1.1
Hexes          | |  3.0

Action                   |  1- 3 |  4- 6 || total
-------------------------+-------+-------++-------
Melee: Mace              |    49 |    61 ||   110
 Fire: Hand crossbow     |    43 |    50 ||    93
Throw: Dart              |       |    11 ||    11
 Cast: Corona            |       |     3 ||     3
  Use: Potion            |       |     3 ||     3
 Stab: Invisible         |       |     1 ||     1
  Eat: Chunk             |     9 |     3 ||    12
Armor: Robe              |    14 |    19 ||    33
Dodge: Dodged            |    74 |    97 ||   171

Table legend:
 A = Non-vault XP
 B = Vault XP
 C = Vault XP percentage of total XP
 D = Non-vault monster count
 E = Vault monster count
 F = Vault count percentage of total count
                 A         B        C        D         E       F
            +---------+---------+-------+---------+---------+-------
      Total |     103 |      72 |  41.1 |      40 |      13 |  24.5
            +---------+---------+-------+---------+---------+-------
        D:1 |      35 |       0 |   0.0 |      21 |       0 |   0.0
        D:2 |      33 |       2 |   5.7 |      13 |       1 |   7.1
        D:3 |      35 |      70 |  66.7 |       6 |      12 |  66.7
            +---------+---------+-------+---------+---------+-------
